Map: Acropolis LE

Players

Zanster

  • Race: Zerg Zerg
  • Spawn Location: 5:00

Lambo - Winner!

  • Race: Zerg Zerg
  • League: Grandmaster
  • Spawn Location: 11:00

Event: HomeStory Cup XX

VOD

Have the link to the VOD?

Description

Time

  • Played on: Nov. 22, 2019, 8:48 a.m.
  • Length: 10:49

All games in this series

Show
View Real Time Build Order
Export as new Build Order

Zanster Zerg 

Build Orders: Hatch First 

Get SALT Encoding   

  12  0:00  Drone  
  13  0:13  Overlord  
  13  0:17  Drone  
  14  0:32  Drone x2  
  16  0:48  Hatchery  
  15  0:50  Drone  
  15  0:54  Drone  
  15  0:57  Drone  
  18  1:08  Extractor  
  17  1:12  Spawning Pool  
  17  1:15  Drone  
  17  1:19  Drone  
  18  1:29  Drone  
  20  1:40  Drone  
  20  1:51  Drone  
  21  1:59  Queen  
  21  2:00  Queen  
  25  2:01  Overlord  
  25  2:02  Drone  
  26  2:09  Metabolic Boost  
  26  2:13  Drone x2  
  28  2:23  Zergling x2, Drone  
  30  2:33  Hatchery  
  30  2:34  Drone  
  30  2:37  Zergling x2  
  30  2:42  Drone  
  32  2:48  Overlord, Baneling Nest  
  31  2:53  Drone  
  32  2:58  Drone  
  32  3:00  Queen  
  35  3:06  Drone  
  35  3:07  Drone  
  35  3:10  Drone x3  
  41  3:12  Zergling x2  
  41  3:15  Zergling x2  
  41  3:17  Zergling x2  
  43  3:22  Overlord  
  43  3:26  Drone  
  44  3:32  Baneling x2, Evolution Chamber  
  43  3:37  Baneling x2  
  43  3:42  Queen  
  43  3:44  Zergling x10  
  50  3:50  Baneling  
  50  3:52  Drone x4  
  53  3:59  Overlord  
  53  4:00  Drone x2  
  55  4:10  Drone x2  
  55  4:14  Overlord x2  
  55  4:16  Zerg Missile Weapons Level 1  
  57  4:17  Drone x2  
  57  4:21  Extractor  
  58  4:26  Drone  
  58  4:28  Drone x6  
  65  4:33  Drone x2  
  67  4:38  Overlord  
  67  4:47  Lair  
  67  4:48  Drone x6  
  67  4:51  Drone  
  67  4:52  Drone  
  70  4:57  Zergling x4  
  71  5:02  Drone, Overlord  
  71  5:06  Drone x3  
  75  5:07  Roach Warren  
  75  5:09  Baneling x2  
  75  5:13  Zergling x8  
  77  5:16  Overlord  
  77  5:18  Drone  
  77  5:19  Drone x3  
  80  5:26  Extractor x2  
  78  5:35  Drone x7  
  81  5:41  Drone  
  82  5:45  Drone  
  82  5:48  Roach  
  82  5:49  Roach x3  
  90  5:53  Hatchery, Overlord  
  90  5:55  Roach x3  
  95  5:57  Overlord  
  95  5:59  Overseer  
  95  6:01  Roach  
  95  6:03  Glial Reconstitution  
  97  6:04  Extractor  
  97  6:06  Extractor  
  93  6:13  Roach x5  
  93  6:14  Roach  
  93  6:16  Overlord  
  105  6:27  Drone x2  
  105  6:29  Evolution Chamber  
  105  6:30  Overlord  
  105  6:32  Roach x2  
  110  6:36  Overlord  
  110  6:39  Roach x4  
  118  6:43  Drone x2  
  118  6:46  Zerg Missile Weapons Level 2  
  117  6:51  Drone x7  
  124  6:54  Zerg Ground Armor Level 1  
  124  6:56  Overlord  
  124  6:57  Overlord  
  124  6:59  Roach  
  124  7:01  Extractor  
  125  7:05  Roach  
  127  7:11  Roach x3  
  133  7:16  Overlord  
  133  7:19  Roach x6  
  133  7:20  Overlord x2  
  133  7:22  Roach x3  
  151  7:26  Tunneling Claws  
  151  7:27  Burrow  
  151  7:28  Roach  
  153  7:32  Overlord  
  153  7:34  Overseer  
  153  7:35  Roach  
  153  7:36  Roach  
  157  7:38  Roach  
  157  7:39  Ravager  
  157  7:40  Ravager  
  157  7:41  Overlord  
  157  7:52  Roach x10  
  157  7:58  Queen  
  171  8:02  Roach x3  
  179  8:13  Roach x6  
  179  8:14  Ravager  
  179  8:15  Ravager  
  191  8:22  Roach x4  
  199  8:31  Overlord x2  
  199  8:38  Overlord  
  199  8:39  Overlord  
  199  8:50  Overseer  
  199  8:52  Overlord, Roach x6  
  199  8:56  Infestation Pit, Overlord  
  196  9:04  Roach x4  
  196  9:08  Roach x3  
  196  9:09  Roach x12  
  198  9:15  Roach x3  
  168  9:19  Roach x3  
  161  9:27  Roach x4  
  161  9:30  Drone x5  
  149  9:40  Roach x6  
  149  9:45  Drone x4  
  165  9:49  Roach x2  
  145  10:01  Roach x4  
  145  10:02  Roach x2  
  147  10:07  Ravager  
  147  10:10  Roach x5  
  160  10:14  Ravager x2  
  160  10:15  Ravager  
  160  10:16  Roach x2  
  160  10:20  Ravager x3  
  168  10:27  Roach x6  
  172  10:31  Overlord  
Show
View Real Time Build Order
Export as new Build Order

Lambo Zerg - Winner!

Build Orders: Hatch First 

Get SALT Encoding   

  12  0:01  Drone  
  13  0:12  Overlord  
  13  0:19  Drone  
  14  0:30  Drone x2  
  16  0:47  Hatchery  
  15  0:50  Drone  
  15  0:54  Drone  
  17  0:57  Drone  
  18  1:09  Extractor  
  17  1:13  Spawning Pool  
  17  1:16  Drone  
  17  1:19  Drone  
  18  1:28  Drone  
  19  1:38  Drone  
  20  1:49  Drone  
  21  1:59  Queen x2  
  21  2:00  Zergling x2  
  21  2:01  Overlord  
  26  2:09  Metabolic Boost  
  26  2:10  Drone  
  26  2:11  Drone  
  28  2:22  Drone x2  
  30  2:32  Hatchery  
  30  2:35  Drone  
  30  2:38  Drone  
  30  2:43  Drone  
  32  2:47  Baneling Nest  
  32  2:49  Overlord  
  31  2:57  Zergling x4  
  33  3:06  Drone  
  33  3:08  Drone  
  33  3:11  Zergling x2  
  33  3:12  Zergling x10  
  41  3:23  Zergling x4  
  43  3:32  Baneling x2  
  43  3:33  Overlord  
  43  3:36  Overlord  
  43  3:38  Queen  
  43  3:39  Evolution Chamber  
  44  3:44  Baneling x2  
  44  3:45  Drone  
  44  3:46  Drone x3  
  47  3:57  Drone x5  
  51  4:03  Drone x2  
  51  4:06  Zerg Missile Weapons Level 1  
  53  4:14  Baneling  
  53  4:16  Zergling x12  
  58  4:19  Drone  
  58  4:23  Extractor x2  
  57  4:30  Drone x3  
  60  4:36  Drone  
  60  4:37  Drone x2  
  60  4:38  Drone  
  64  4:43  Overlord  
  64  4:44  Overlord  
  64  4:46  Roach Warren  
  64  4:47  Overlord  
  64  4:51  Drone x3  
  65  4:55  Overlord  
  65  4:59  Drone  
  65  5:00  Drone  
  65  5:05  Lair  
  65  5:06  Drone x3  
  69  5:11  Drone  
  69  5:12  Drone x3  
  72  5:16  Drone  
  72  5:17  Drone x2  
  72  5:18  Pneumatized Carapace  
  74  5:24  Drone  
  74  5:25  Drone x2  
  76  5:28  Drone x2  
  76  5:33  Drone x3  
  76  5:34  Drone x2, Overlord  
  82  5:38  Extractor  
  82  5:41  Extractor  
  79  5:43  Extractor, Roach x2  
  82  5:53  Drone x2  
  90  5:57  Hatchery, Roach x4  
  90  6:03  Roach x2  
  90  6:04  Roach x2  
  99  6:05  Glial Reconstitution  
  99  6:09  Drone  
  99  6:10  Drone, Evolution Chamber  
  102  6:11  Roach x2  
  102  6:17  Zerg Missile Weapons Level 2  
  104  6:19  Overseer  
  104  6:21  Overlord  
  104  6:24  Roach  
  106  6:30  Overlord  
  106  6:32  Overlord  
  106  6:36  Overlord  
  106  6:37  Overlord  
  106  6:42  Overlord  
  106  6:43  Roach x4  
  112  6:48  Zerg Ground Armor Level 1  
  112  6:56  Drone x2  
  112  6:58  Roach x5  
  112  6:59  Ravager, Roach  
  112  7:00  Ravager  
  128  7:07  Roach x7  
  150  7:15  Roach x5  
  150  7:19  Ravager  
  150  7:22  Queen  
  153  7:27  Drone x5  
  160  7:31  Overlord x2  
  160  7:33  Ravager  
  160  7:34  Ravager  
  160  7:45  Overlord  
  157  7:52  Roach x2  
  157  7:57  Roach x9  
  175  8:04  Extractor  
  175  8:05  Roach x5  
  184  8:13  Overlord  
  184  8:15  Overlord  
  184  8:18  Overlord  
  182  8:25  Overlord  
  182  8:27  Ravager  
  182  8:29  Overlord  
  182  8:30  Tunneling Claws  
  182  8:31  Burrow, Overlord  
  183  8:37  Overlord  
  183  8:39  Roach x8  
  199  8:43  Roach  
  199  8:48  Overseer  
  195  9:05  Roach x8  
  195  9:09  Roach x9  
  195  9:13  Roach x6  
  195  9:15  Overseer  
  195  9:17  Roach  
  183  9:18  Roach  
  177  9:25  Roach x4  
  178  9:32  Roach x2  
  178  9:36  Roach x35  
  178  9:37  Roach x2  
  168  9:43  Roach  
  168  9:44  Roach x3  
  170  9:48  Roach  
  170  9:49  Roach x2  
  170  9:52  Roach x2  
  180  9:59  Roach  
  164  10:00  Roach  
  164  10:08  Roach x5  
  164  10:11  Roach  
  164  10:12  Roach x2  
  164  10:13  Roach  
  176  10:15  Ravager x2  
  176  10:16  Drone x3  
  181  10:26  Roach  
Tags
 
Add a new tag
Caveats
  • Supply blocks, unpowered buildings, or Contaminate may cause inaccurate times.
  • Supply counts are checked every 10 seconds.